 Dungeon Crawl Stone Soup version 0.10.4 character file.

6514 Gumption the Cleaver (level 10, 0/86 HPs)
             Began as a Minotaur Berserker on Oct 17, 2019.
             Was a High Priest of Trog.
             Slain by a hill giant
             ... wielding a +0,+0 giant spiked club
              (22 damage)
             ... on Level 12 of the Dungeon.
             The game lasted 02:17:40 (13589 turns).

Gumption the Cleaver (Minotaur Berserker)          Turns: 13589, Time: 02:17:40

HP   0/86        AC 17     Str 24      XL: 10   Next: 79%
MP   3/3         EV  6     Int  5      God: Trog [*****.]
Gold 182         SH  0     Dex 10      Spells:  0 memorised,  9 levels left

Res.Fire  : . . .   See Invis. : .   a - +1,-2 war axe
Res.Cold  : + . .   Warding    : . . j - -1 orc plate armour
Life Prot.: . . .   Conserve   : +   (no shield)
Res.Acid. : . . .   Res.Corr.  : .   (helmet restricted)
Res.Poison: .       Clarity    : .   (no cloak)
Res.Elec. : .       Spirit.Shd : .   g - +2 pair of dwarf gauntlets
Sust.Abil.: + .     Stasis     : .   k - +0 pair of boots
Res.Mut.  : .       Ctrl.Telep.: .   u - cursed amulet of conservation
Res.Rott. : .       Levitation : .   p - ring of sustain abilities
Saprovore : . . .   Ctrl.Flight: .   h - cursed ring of protection from cold

@: somewhat resistant to hostile enchantments, extremely unstealthy
A: retaliatory headbutt, horns 2
a: Burn Spellbooks, Berserk, Trog's Hand, Brothers in Arms, Renounce Religion


You were on level 12 of the Dungeon.
You worshipped Trog.
Trog was exalted by your worship.
You were not hungry.

You visited 2 branches of the dungeon, and saw 13 of its levels.

You collected 630 gold pieces.
You spent 468 gold pieces at shops.

Inventory:

Hand weapons
 a - a +1,-2 war axe (weapon)
 b - a cursed +0,+0 sling
Missiles
 i - 128 +0 stones
 m - 63 +0 darts
 y - 2 +4 darts (quivered)
Armour
 g - a +2 pair of dwarven gauntlets (worn)
 j - a -1 orcish plate armour (worn)
 k - a +0 pair of boots (worn)
Magical devices
 t - a wand of magic darts (15)
 x - a wand of fireball (7)
 C - a wand of lightning (4)
 G - a wand of frost (1)
 H - a wand of lightning (11)
 N - a wand of confusion (10)
 O - a wand of teleportation (5)
Comestibles
 c - 10 bread rations
 s - 2 meat rations
 K - 6 royal jellies
 M - 3 chunks of hill giant flesh
 T - 3 chunks of giant frog flesh
 U - 2 rotting chunks of hound flesh
Scrolls
 d - a scroll of vulnerability {unknown}
 l - a scroll of amnesia {unknown}
 w - 2 scrolls of enchant weapon I
 A - 2 scrolls of teleportation
 F - a scroll of enchant weapon III {unknown}
 I - a scroll of enchant armour {unknown}
 J - 3 scrolls of remove curse
 P - 2 scrolls of fear {unknown}
 R - a scroll of detect curse
Jewellery
 h - a cursed ring of protection from cold (left hand)
 o - a +1 ring of strength
 p - a ring of sustain abilities (right hand)
 u - a cursed amulet of conservation (around neck)
Potions
 f - a potion of invisibility
 n - 3 potions of agility
 q - 3 potions of heal wounds
 r - 2 potions of resistance
 v - a potion of magic
 z - 3 potions of curing
 B - 2 potions of might
 D - 3 potions of brilliance
 E - 2 potions of levitation
 L - 2 potions of restore abilities {unknown}
 Q - a potion of porridge {unknown}


   Skills:
 + Level 9.1 Fighting
 * Level 11.9 Axes
 + Level 6.7 Slings
 - Level 2.9 Throwing
 + Level 8.3 Armour
 - Level 2.1 Dodging
 + Level 6.6 Traps & Doors


You had 9 spell levels left.
You didn't know any spells.

Dungeon Overview and Level Annotations

Branches:
Dungeon (12/27)            Temple (1/1) D:4             Orc (0/4) D:7
   Lair: D:8-13

Altars:
Ashenzari
Cheibriados
Elyvilon
Fedhas
Kikubaaqudgha
Makhleb
Nemelex Xobeh
Okawaru
Sif Muna
The Shining One
Trog
Vehumet
Xom
Yredelemnul
Zin

Shops:
D:9: ( D:11: /


Innate Abilities, Weirdness & Mutations

You reflexively headbutt those who attack you in melee.
You have a pair of horns on your head.


Message History

You throw a +4 dart. The +4 dart hits the hill giant.
The hill giant is moderately wounded.
You barely miss the hill giant.
The hill giant is moderately wounded.
Your plate armour prevents you from hitting the hill giant.
The hill giant is moderately wounded.
The hill giant hits you with a giant spiked club!
You barely miss the hill giant.
The hill giant is moderately wounded.
The hill giant barely misses you.
You slash the hill giant!
The hill giant is heavily wounded.
You slash the hill giant! Your headbutt misses the hill giant.
The hill giant is heavily wounded.
The hill giant hits you with a giant spiked club!
* * * LOW HITPOINT WARNING * * *
You hit the hill giant. Your headbutt misses the hill giant.
The hill giant is severely wounded.
The hill giant hits you with a giant spiked club!
You die...

... ... #.......
....
#.(.................
#..(................
#....>..............
#..(................
#...................
#..C................
#..@...<............
#...................
#...................
#...................
####################


You could see a hill giant.

Vanquished Creatures
  A hill giant (D:12)
  Psyche (D:8)
  2 two-headed ogres
  6 yaks (D:9)
  2 wyverns
  An item mimic (D:11)
  A steam dragon (D:9)
  3 sky beasts
  2 orc warriors
  2 yellow wasps (D:10)
  2 ice beasts (D:7)
  A small abomination (D:8)
  5 ogres
  5 centaurs
  Duvessa (D:7)
  2 big kobolds (D:11)
  5 giant frogs
  An eye of draining (D:10)
  4 wights (D:10)
  3 killer bees (D:11)
  A goliath beetle (D:7)
  A shadow (D:5)
  Dowan (D:7)
  3 crimson imps
  3 gnoll shamans
  8 hounds
  4 orc priests
  A big kobold skeleton (D:10)
  2 scorpions (D:8)
  8 orc wizards
  A worker ant zombie (D:6)
  2 iguanas
  8 worker ants
  6 jellies
  A mummy (D:12)
  15 adders
  10 gnolls
  A scorpion zombie (D:5)
  4 worms
  A giant eyeball (D:12)
  8 giant geckos
  7 oozes
  37 orcs
  5 giant cockroaches
  20 hobgoblins
  4 jackals (D:6)
  21 kobolds
  2 quokkas
  3 ball pythons
  17 bats
  7 giant newts
  16 goblins
  A hobgoblin skeleton (D:10)
  A hobgoblin zombie (D:7)
  A kobold skeleton (D:11)
  2 orc skeletons
  A quokka zombie (D:10)
  17 rats
  A plant (D:10)
  3 toadstools
305 creatures vanquished.

Vanquished Creatures (others)
  An orc (D:6)
  A giant newt (D:4)
  13 toadstools
15 creatures vanquished.

Grand Total: 320 creatures vanquished

Notes
Turn   | Place    | Note
--------------------------------------------------------------
     0 | D:1      | Gumption, the Minotaur Berserker, began the quest for the Orb.
     0 | D:1      | Reached XP level 1. HP: 19/19 MP: 0/0
   255 | D:1      | Reached skill level 4 in Axes
   327 | D:1      | Reached XP level 2. HP: 26/26 MP: 0/0
   955 | D:1      | Acquired Trog's second power
   982 | D:2      | Reached skill level 5 in Axes
   982 | D:2      | Reached XP level 3. HP: 30/33 MP: 1/1
  1045 | D:2      | Reached skill level 1 in Throwing
  1532 | D:2      | Reached XP level 4. HP: 38/40 MP: 1/1
  1744 | D:3      | Reached skill level 1 in Traps & Doors
  1985 | D:3      | Found a glowing silver altar of Zin.
  2198 | D:3      | Found a radiant altar of Vehumet.
  2343 | D:3      | Reached XP level 5. HP: 45/47 MP: 1/1
  3051 | D:4      | Reached skill level 5 in Fighting
  3051 | D:4      | Reached skill level 6 in Axes
  3059 | D:4      | Found a staircase to the Ecumenical Temple.
  3085 | D:4      | Reached XP level 6. HP: 14/53 MP: 2/2
  3947 | D:5      | Entered Level 5 of the Dungeon
  3963 | D:5      | Reached XP level 7. HP: 49/60 MP: 2/2
  4045 | D:5      | Reached skill level 7 in Axes
  4049 | D:5      | Acquired Trog's third power
  4328 | D:5      | Reached skill level 1 in Slings
  5145 | D:6      | Found a shattered altar of Ashenzari.
  5511 | D:6      | Reached XP level 8. HP: 66/68 MP: 2/2
  5755 | D:6      | Found a sparkling altar of Nemelex Xobeh.
  6079 | D:7      | Reached skill level 5 in Armour
  6125 | D:7      | Reached skill level 8 in Axes
  6893 | D:7      | Found a staircase to the Orcish Mines.
  7626 | D:7      | Reached XP level 9. HP: 75/75 MP: 3/3
  7775 | D:7      | Noticed Dowan
  7779 | D:7      | Noticed Duvessa
  7804 | D:7      | Killed Duvessa
  7814 | D:7      | Killed Dowan
  8340 | D:8      | Reached skill level 9 in Axes
  8634 | D:8      | Noticed Psyche
  8647 | D:8      | Paralysed by Psyche for 3 turns
  8660 | D:8      | Killed Psyche
  9338 | D:9      | Found Wyc Toam's Antique Weapon Boutique.
  9400 | D:9      | Reached skill level 10 in Axes
  9400 | D:9      | Reached skill level 5 in Slings
  9400 | D:9      | Reached skill level 5 in Traps & Doors
  9404 | D:9      | Reached XP level 10. HP: 18/84 MP: 3/3
 10580 | D:10     | Entered Level 10 of the Dungeon
 10606 | D:10     | Found a white marble altar of Elyvilon.
 10815 | D:10     | Paralysed by a yellow wasp for 1 turns
 11234 | D:10     | Reached skill level 11 in Axes
 12022 | Temple   | Entered the Ecumenical Temple
 12980 | D:11     | Found Phobbomn's Magical Wand Shop.
 13006 | D:11     | Bought a wand of confusion (10) for 117 gold pieces
 13006 | D:11     | Bought a wand of teleportation (5) for 351 gold pieces
 13589 | D:12     | Slain by a hill giant
